 Dungeon Crawl Stone Soup version 0.23-a0-644-gb60d84b635 (webtiles) character file.

696659 HereIgoKillingAgain the Cloud Mage (level 27, -10/145 HPs)
             Began as a Demonspawn Monk on Jan 1, 2019.
             Was the Champion of Qazlal.
             Killed from afar by a starcursed mass (20 damage)
             ... with an accursed screaming
             ... while paralysed by accursed screaming
             ... on level 4 of the Abyss.
             The game lasted 02:44:07 (70691 turns).

HereIgoKillingAgain the Cloud Mage (DsMo)          Turns: 70691, Time: 02:44:08

Health: -10/145    AC: 35    Str: 11    XL:     27
Magic:  29/29      EV: -1    Int: 18    God:    Qazlal [******]
Gold:   885        SH:  0    Dex: 18    Spells: 33/56 levels left

rFire    + + .     SeeInvis +   a - +12 great sword "Conservator" {slice, MR+}
rCold    + + .     Gourm    .   (shield currently unavailable)
rNeg     + . .     Faith    .   D - +7 Kryia's mail coat {PotionHeal*2 rC+}
rPois    .         Spirit   .   (helmet restricted)
rElec    +         Reflect  .   M - +2 cloak of Zotewew {rN+ rCorr Slay+3}
rCorr    +         Harm     .   o - +2 pair of gloves
MR       +++++     Rnd*Rage +   (boots unavailable)
Stlth    +.........             x - amulet "Quint" {rElec Regen+ SInv}
HPRegen  0.74/turn              R - ring of the Mage {Wiz MR++ Int+3}
MPRegen  0.21/turn              l - ring "Kyrir" {rCorr rF+ rC+ Slay+6}

@: paralysed, about to teleport, protected from fire, sanguine armour, berserk
cooldown, slowed, constricted, repel missiles, very slow
A: hooves 3, horns 1, [berserk 1], blink, [blurry vision 3], [clumsy 2], demonic
guardian 3, deterioration 2, frail 2[+1], foul stench 2, [low mp 3], [screaming
2], weak 1[+1], augmentation 3, [no potion heal 2], rot immunity, [subdued magic
2], sanguine armour 3
}: 3/15 runes: decaying, serpentine, silver
a: Blink, Upheaval, Elemental Force, Disaster Area, Renounce Religion


You were on level 4 of the Abyss.
You worshipped Qazlal.
Qazlal was exalted by your worship.
You were not hungry.

You visited 11 branches of the dungeon, and saw 53 of its levels.
You visited the Abyss 1 time.
You also visited: Trove, Ossuary, Ice Cave and Wizlab.

You collected 9271 gold pieces.
You spent 8386 gold pieces at shops.

Inventory:

Hand Weapons
 a - the +12 great sword "Conservator" (weapon) {slice, MR+}
   (You bought it in a shop on level 2 of the Orcish Mines)

   It inflicts extra damage upon your enemies.
   It affects your resistance to hostile enchantments.
Armour
 o - a +2 pair of gloves (worn)
 r - the +2 robe of Vines {NoPotionHeal Regen+7}
   (You bought it in a shop on level 4 of the Snake Pit)

   It increases your rate of regeneration.
 D - the +7 Kryia's mail coat (worn) {PotionHeal*2 rC+}
   (You bought it in a shop on level 2 of the Orcish Mines)

   It protects you from cold.
 M - the +2 cloak of Zotewew (worn) {rN+ rCorr Slay+3}
   (You found it in a wizard's laboratory)

   It affects your accuracy and damage with ranged weapons and melee attacks
   (+3).
   It protects you from negative energy.
   It provides partial protection from all sources of acid and corrosion.
Magical Staves
 b - an uncursed staff of air
Jewellery
 l - the ring "Kyrir" (right hand) {rCorr rF+ rC+ Slay+6}
   (You took it off a fire giant on level 5 of the Vaults)

   [ring of resist corrosion]

   It affects your accuracy and damage with ranged weapons and melee attacks
   (+6).
   It protects you from fire.
   It protects you from cold.
 x - the amulet "Quint" (around neck) {rElec Regen+ SInv}
   (You took it off a skeletal warrior on level 3 of the Crypt)

   [amulet of regeneration]

   It insulates you from electricity.
   It lets you see invisible.
   It increases your rate of regeneration.
 E - the ring of Eggop {rElec rPois rC+ SInv Stlth+}
   (You found it on level 2 of the Vaults)

   [ring of see invisible]

   It protects you from cold.
   It insulates you from electricity.
   It protects you from poison.
   It lets you see invisible.
   It makes you more stealthy.
 R - the ring of the Mage (left hand) {Wiz MR++ Int+3}
   (You bought it in a shop on level 1 of the Snake Pit)

   [ring of wizardry]

   It improves your spell success rate.
   It affects your intelligence (+3).
   It affects your resistance to hostile enchantments.
 V - the amulet "Ysahamu" {Reflect rPois Str+3 SH+5}
   (You acquired it on level 4 of the Snake Pit)

   [amulet of reflection]

   It shields you and reflects attacks.
   It affects your strength (+3).
   It protects you from poison.
   It affects your SH (+5).
Wands
 Q - a wand of digging (8)
Scrolls
 d - 8 scrolls of immolation
 e - 2 scrolls of identify
 h - 37 scrolls of remove curse
 j - 15 scrolls of amnesia
 m - 3 scrolls of teleportation
 p - 8 scrolls of enchant weapon
 u - 13 scrolls of fear
 y - 12 scrolls of vulnerability
 C - 13 scrolls of magic mapping
 N - 6 scrolls of summoning
 P - 9 scrolls of fog
 S - 6 scrolls of enchant armour
 T - 6 scrolls of blinking
 W - 3 scrolls of brand weapon
 Z - a scroll of silence
Potions
 f - 7 potions of curing
 n - 2 potions of might
 q - 2 potions of heal wounds
 v - 4 potions of haste
 w - 2 potions of magic
 z - 5 potions of brilliance
 A - 4 potions of cancellation
 B - 4 potions of invisibility
 F - 12 potions of flight
 H - 3 potions of ambrosia
 K - 4 potions of agility
 U - 3 potions of mutation
Comestibles
 c - 53 rations


   Skills:
 - Level 15.2 Fighting
 - Level 21.2 Long Blades
 - Level 13.1 Armour
 - Level 18.0 Dodging
 - Level 1.7 Stealth
   Level 4.0 Shields
 - Level 15.3 Spellcasting
 - Level 10.4 Charms
 * Level 25.4 Air Magic
 - Level 20.0 Invocations


You had 33 spell levels left.
You knew the following spells:

 Your Spells              Type           Power        Failure   Level  Hunger
a - Tornado               Air            ######....   16%         9    #######
b - Deflect Missiles      Chrm/Air       #####.....   1%          6    #####..
c - Controlled Blink      Tloc           N/A          100%        8    #######

Your spell library contained the following spells:

 Spells                   Type           Power        Failure   Level  Hunger
 Shock                    Conj/Air       ####         0%          1    None
 Swiftness                Chrm/Air       #####...     0%          2    None
 Airstrike                Air            ######....   0%          4    None
 Poisonous Vapours        Pois/Air       #####.       1%          2    None
 Shroud of Golubria       Chrm/Tloc      ###.......   1%          2    None
 Mephitic Cloud           Conj/Pois/Air  ####....     1%          3    None
 Ozocubu's Armour         Chrm/Ice       ###.....     1%          3    None
 Static Discharge         Conj/Air       #####...     1%          3    None
 Summon Lightning Spire   Summ/Air       #####...     1%          4    None
 Lightning Bolt           Conj/Air       #####.....   1%          5    ####...
 Silence                  Hex/Air        #####.....   1%          5    ####...
 Animate Skeleton         Necr           N/A          4%          1    None
 Apportation              Tloc           #.....       4%          1    None
 Beastly Appendage        Tmut           #.....       4%          1    None
 Confusing Touch          Hex            #.....       4%          1    None
 Corona                   Hex            #......      4%          1    None
 Flame Tongue             Conj/Fire      #....        4%          1    None
 Freeze                   Ice            #...         4%          1    None
 Magic Dart               Conj           #...         4%          1    None
 Sandblast                Erth           #.....       4%          1    None
 Sting                    Conj/Pois      #...         4%          1    None
 Summon Butterflies       Summ           #.......     4%          1    None
 Summon Small Mammal      Summ           #...         4%          1    None
 Conjure Ball Lightning   Conj/Air       #####.....   4%          6    #####..
 Blink                    Tloc           N/A          8%          2    None
 Call Imp                 Summ           #.......     8%          2    None
 Corpse Rot               Necr           N/A          8%          2    None
 Ensorcelled Hibernation  Hex/Ice        #.....       8%          2    None
 Passwall                 Tmut/Erth      #.......     8%          2    None
 Searing Ray              Conj           #.....       8%          2    None
 Slow                     Hex            #.......     8%          2    None
 Sticks to Snakes         Tmut           #.......     8%          2    None
 Sublimation of Blood     Necr           #.........   8%          2    None
 Throw Flame              Conj/Fire      #.....       8%          2    None
 Throw Frost              Conj/Ice       #.....       8%          2    None
 Confuse                  Hex            #.......     16%         3    None
 Conjure Flame            Conj/Fire      #.......     16%         3    None
 Dazzling Spray           Conj/Hex       #.....       16%         3    None
 Gell's Gravitas          Tloc           #.........   16%         3    None
 Ignite Poison            Fire/Tmut/Pois #.......     16%         3    None
 Inner Flame              Hex/Fire       #.......     16%         3    None
 Lesser Beckoning         Tloc           #.........   16%         3    None
 Recall                   Summ/Tloc      N/A          16%         3    None
 Spider Form              Tmut/Pois      #.........   16%         3    None
 Stone Arrow              Conj/Erth      #.....       16%         3    None
 Teleport Other           Tloc           #.......     16%         3    None
 Tukima's Dance           Hex            #.......     16%         3    None
 Excruciating Wounds      Chrm/Necr      ###.......   17%         5    ####...
 Iskenderun's Battlesphe  Conj/Chrm      ###.....     17%         5    ####...
 Freezing Cloud           Conj/Ice/Air   ####......   26%         6    #####..
 Cause Fear               Hex            #.........   45%         4    None
 Force Lance              Conj/Tloc      #.......     45%         4    None
 Fulminant Prism          Conj/Hex       #.........   45%         4    None
 Ice Form                 Ice/Tmut       #.......     45%         4    None
 Iskenderun's Mystic Bla  Conj           #.......     45%         4    None
 Olgreb's Toxic Radiance  Pois           #.......     45%         4    None
 Passage of Golubria      Tloc           N/A          45%         4    None
 Petrify                  Tmut/Erth      #.......     45%         4    None
 Sticky Flame             Conj/Fire      #.......     45%         4    None
 Summon Ice Beast         Ice/Summ       #.......     45%         4    None
 Throw Icicle             Conj/Ice       #.......     45%         4    None
 Agony                    Necr           #.......     82%         5    ####...
 Alistair's Intoxication  Tmut/Pois      #.......     82%         5    ####...
 Aura of Abjuration       Summ           #.........   82%         5    ####...
 Blade Hands              Tmut           #.........   82%         5    ####...
 Bolt of Draining         Conj/Necr      #.........   82%         5    ####...
 Bolt of Magma            Conj/Fire/Erth #.........   82%         5    ####...
 Borgnjor's Vile Clutch   Necr/Erth      #.........   82%         5    ####...
 Dispel Undead            Necr           #.......     82%         5    ####...
 Fireball                 Conj/Fire      #.........   82%         5    ####...
 Irradiate                Conj/Tmut      #.........   82%         5    ####...
 Lee's Rapid Deconstruct  Erth           #.........   82%         5    ####...
 Metabolic Englaciation   Hex/Ice        #.........   82%         5    ####...
 Summon Demon             Summ           #.........   82%         5    ####...
 Summon Forest            Summ/Tloc      #.........   82%         5    ####...
 Summon Mana Viper        Hex/Summ       #.......     82%         5    ####...
 Venom Bolt               Conj/Pois      #.........   82%         5    ####...
 Yara's Violent Unravell  Hex/Tmut       #.........   82%         5    ####...
 Ring of Flames           Chrm/Fire      ###.......   99%         7    #######
 Bolt of Cold             Conj/Ice       #.........   100%        6    #####..
 Bolt of Fire             Conj/Fire      #.........   100%        6    #####..
 Darkness                 Hex            #.........   100%        6    #####..
 Hydra Form               Tmut           #.........   100%        6    #####..
 Invisibility             Hex            #.......     100%        6    #####..
 Iron Shot                Conj/Erth      #.........   100%        6    #####..
 Ozocubu's Refrigeration  Ice            #.........   100%        6    #####..
 Shadow Creatures         Summ           N/A          100%        6    #####..
 Simulacrum               Ice/Necr       #.........   100%        6    #####..
 Statue Form              Tmut/Erth      #........    100%        6    #####..
 Dragon Form              Tmut           #.........   100%        7    #######
 Orb of Destruction       Conj           #.........   100%        7    #######
 Spellforged Servitor     Conj/Summ      #.........   100%        7    #######
 Disjunction              Tloc           #.........   100%        8    #######
 Ignition                 Fire           #.........   100%        8    #######
 Dragon's Call            Summ           #.........   100%        9    #######
 Shatter                  Erth           #.........   100%        9    #######


Dungeon Overview and Level Annotations

Branches:
Dungeon (15/15)            Temple (0/1) D:6            Lair (6/6) D:10
  Swamp (4/4) Lair:2        Snake (4/4) Lair:3        Slime (0/5) Lair:5
    Orc (2/2) D:12            Elf (3/3) Orc:2        Vaults (5/5) D:14
  Crypt (3/3) Vaults:3       Tomb (0/3) Crypt:3      Depths (5/5) D:15
   Hell (1/1)                 Zot (5/5) Depths:5
    Dis: Hell:1         Geh: Hell:1         Coc: Hell:1         Tar: Hell:1

Altars:
Cheibriados
Dithmenos
Fedhas
Gozag
Kikubaaqudgha
Makhleb
Nemelex Xobeh
Okawaru
Qazlal
Ru
Sif Muna
Trog
Uskayaw
Vehumet
Wu Jian
Xom
Yredelemnul
The Shining One
Beogh
Jiyva

Shops:
D:11 ?   D:14 !   Orc:1 [   Orc:2 ([!(   Snake:1 *(*=?   Snake:4 [=:[
Depths:1 [*   Depths:2 !   Depths:3 (   Depths:4 =}}

Portals:
Hell: Depths:1 Depths:2 Depths:3 Depths:4 Depths:5
Abyss: Depths:1 Depths:2 Depths:4
Pandemonium: Depths:1 Depths:2 Depths:3
Ziggurat: Depths:2

Annotations:
Lair:3 1 runed door, Guahish's ghost, journeyman GrEE
Lair:5 1 runed door, Acheron's ghost, journeyman GrMo
Swamp:4 2 transporters, P0WERM0DE's ghost, journeyman DDFi
Elf:2 5 runed doors
Vaults:4 2 runed doors, Hucw's ghost, veteran GrFi; Qyisuosupp's ghost, adept MiBe
Zot:1 exclusion: door
Zot:5 1 exclusion


Innate Abilities, Weirdness & Mutations

You have hooves in place of feet.
A powerful demonic guardian rushes to your aid.
You frequently emit foul miasma when damaged in melee.
Your magical and physical power is greatly enhanced at high health.
You are immune to rotting.
When seriously injured, your bleeding wounds create very thick armour. (AC +12)
You have a pair of small horns on your head.
You can translocate small distances at will.
Your body often deteriorates upon taking damage.
[You tend to lose your temper in combat.]
[Scrolls take you much longer to read.]
[You are very clumsy. (Dex -4)]
[You are extremely frail. (-30% HP)]
[Your magical capacity is extremely low. (-30% MP)]
[You sometimes yell uncontrollably at your foes.]
[You are very weak. (Str -4)]
[Potions are poor at restoring your health.]
[Your spells are easier to cast, but less powerful.]


Message History

A cacophony of accursed wailing tears at your sanity!
* * * LOW HITPOINT WARNING * * *
You suddenly lose the ability to move!
The wretched star pulses with an eldritch light!
You feel the urge to shout.
You feel a strong urge to yell.
Your cacodemon twists and deforms.
The tentacled starspawn bites you but does no damage.
The tentacled starspawn engulfs you but does no damage.
The demonic crawler hits you but does no damage. x2
The demonic crawler hits you.
* * * LOW HITPOINT WARNING * * *
A starcursed mass splits.
The starspawn tentacle constricts you.
The starcursed mass is engulfed in freezing vapours.
You destroy the starcursed mass!
Qazlal accepts your kill.
Your cacodemon hits the tentacled starspawn!
Your cacodemon hits the tentacled starspawn but does no damage.
The starcursed mass closely misses your cacodemon.
A cacophony of accursed wailing tears at your sanity!
You die...

≈≈ ≈≈≈≈ ≈ ≈ #
≈≈≈≈≈≈≈≈#≈..§≈ ≈ ≈
.≈≈≈≈≈≈≈≈≈≈≈#.≈#≈
≈≈
#≈≈≈≈≈≈≈≈≈≈≈≈♣.≈≈
# .≈≈≈≈X≈X♣≈≈≈
.≈≈≈
X≈≈≈XXxXXX≈≈≈≈≈≈.
≈≈≈♣≈XbX♣X*.≈†≈≈≈#
. #≈≈3≈XX°2♣x≈♣≈≈≈
# .≈≈≈≈≈♣s@X○2h≈≈≈
≈ .≈≈≈XX4☼*wwx≈≈≈≈
≈ .≈≈≈≈X§≈°≈≈≈♣≈≈≈
.####.#.#...># #.
# #.##. .###..#
##. ...##. ### . #
... . #. ##... # .
#


You could see 13 starcursed masses, a tentacled starspawn, 2 wretched stars, a
demonic crawler, an orange demon, an ancient zyme, 2 thrashing horrors, a smoke
demon, a tormentor, a raiju, 2 small abominations, a fire bat, 2 starspawn
tentacles and a friendly cacodemon.

Vanquished Creatures
  Mennas (Vaults:5)
  Sojobo (Depths:4)
  Saint Roka (Depths:2)
  3 curse toes (Zot:4)
  Margery (Depths:4)
  4 caustic shrikes (Depths:4)
  Vashnia (Snake:3)
  Geryon (Hell)
  11 golden dragons
  Jory (Crypt:2)
  5 bone dragons
  4 liches
  Jorgrun (Swamp:2)
  A hellephant (Abyss:3)
  16 tentacled monstrosities
  7 Orb Guardians (Zot:5)
  A Hell Sentinel (Abyss:1)
  8 quicksilver dragons
  A shard shrike skeleton (Crypt:3)
  Asterion (Elf:2)
  4 deep elf blademasters (Elf:3)
  9 titans
  4 deep elf master archers (Elf:3)
  2 Executioners (Abyss:1)
  12 tentacled starspawn
  4 death cobs
  Gastronok (D:11)
  An eldritch tentacle (WizLab)
  6 shadow dragons
  7 sphinxes
  11 ancient champions
  16 storm dragons
  12 draconian monks
  7 tengu reavers
  A revenant (Crypt:3)
  4 thorn hunters
  3 iron dragons
  6 nagarajas
  9 draconian knights
  12 fire giants
  20 vault wardens
  8 deep elf sorcerers
  12 frost giants
  Louise (Swamp:3)
  A caustic shrike zombie (Crypt:1)
  8 draconian scorchers
  4 cacodemons
  2 ghost moths
  4 curse skulls
  2 balrugs
  6 draconian stormcallers
  7 draconian shifters
  5 deep elf elementalists
  14 ghouls
  11 ironheart preservers
  A reaper (Abyss:4)
  A spriggan defender (Depths:4)
  6 entropy weavers
  6 draconian annihilators
  16 very ugly things
  2 war gargoyles
  14 green draconians
  14 black draconians
  25 stone giants
  An entropy weaver (shapeshifter) (Depths:4)
  14 vampire knights
  6 deep elf demonologists
  20 white draconians
  9 purple draconians
  4 deep elf annihilators
  14 yellow draconians
  15 red draconians
  4 spark wasps
  27 ettins
  A blizzard demon (Abyss:1)
  2 merfolk javelineers (Depths:4)
  6 deep elf death magi
  7 eidola
  15 fire dragons
  13 yaktaur captains
  A crystal guardian (Abyss:4)
  A mummy priest (Crypt:3)
  18 jiangshi
  A deep elf high priest (Elf:3)
  18 naga warriors
  31 vault guards
  3 ghost crabs
  11 great orbs of eyes
  8 ice dragons
  23 hydras
  7 spriggan air magi
  A merfolk avatar (Lair:6)
  3 death knights
  9 rakshasas
  A catoblepas (shapeshifter) (Vaults:5)
  5 anacondas
  2 shambling mangroves
  13 ogre magi
  12 centaur warriors
  28 two-headed ogres
  4 deep troll shamans
  A queen ant (Lair:6)
  6 tengu warriors
  15 vampire magi
  11 alligators
  4 death yaks (Lair:4)
  15 thrashing horrors
  5 deep troll earth magi
  13 dancing weapons
  A titan zombie (Crypt:3)
  25 naga sharpshooters
  An orc high priest (Elf:1)
  4 spriggan berserkers
  2 soul eaters
  4 hell hogs
  11 hell knights (Depths:4)
  12 spriggans
  19 wretched stars
  A storm dragon zombie (Crypt:3)
  21 deep elf knights
  2 shock serpents
  5 shadow wraiths
  3 sun demons
  A fire crab (shapeshifter) (Elf:2)
  An iron troll (Depths:4)
  5 salamander mystics
  2 spatial maelstroms
  4 sixfirhies
  A golden dragon zombie (Abyss:2)
  A death drake (shapeshifter) (Depths:3)
  25 skeletal warriors
  A sea snake (Lair:6)
  3 spriggan druids
  A quicksilver dragon simulacrum (Abyss:3)
  6 glowing orange brains
  9 naga ritualists
  An obsidian statue (WizLab)
  A swamp dragon (shapeshifter) (Vaults:3)
  16 deep elf archers
  16 deep trolls
  2 unseen horrors
  10 phantasmal warriors
  9 swamp dragons
  9 wizards
  4 flayed ghosts
  7 harpies
  19 ironbrand convokers
  12 orc knights
  An anaconda skeleton (Crypt:2)
  2 human zombies
  5 mana vipers
  A sphinx skeleton (Crypt:3)
  9 necromancers
  6 frost giant zombies
  A shining eye (Abyss:2)
  10 orc sorcerers
  64 deep elf magi
  3 cyclopes
  A stone giant zombie (Abyss:4)
  5 wolf spiders
  4 fire giant zombies
  22 salamanders
  A manticore (shapeshifter) (Vaults:5)
  A tengu skeleton (Vaults:5)
  A cyclops (shapeshifter) (Depths:4)
  2 manticores
  39 ugly things
  A black mamba (shapeshifter) (Depths:4)
  2 iron dragon skeletons
  5 worldbinders
  25 moths of wrath
  7 guardian serpents
  9 elephants
  2 centaur zombies
  2 frost giant skeletons
  32 naga magi
  7 vault sentinels
  7 orange demons
  An eye of devastation (Abyss:4)
  An apocalypse crab (Abyss:1)
  Psyche (D:9)
  32 black mambas
  3 ice statues (IceCv)
  3 gargoyles
  A spiny frog (shapeshifter) (Elf:2)
  19 spiny frogs
  4 rime drakes
  The ghost of Skallagrim the Summoner, a novice FeSu of the Shining One (D:12)
  A purple draconian zombie (Crypt:2)
  A shock serpent skeleton (Crypt:3)
  6 smoke demons
  An emperor scorpion zombie (Abyss:1)
  2 demonspawn skeletons (WizLab)
  A centaur skeleton (D:14)
  A hellion (Abyss:2)
  3 demonic crawlers
  A yaktaur zombie (Vaults:5)
  A dire elephant skeleton (Crypt:2)
  5 efreet
  A komodo dragon (shapeshifter) (Depths:4)
  10 ice devils
  13 komodo dragons
  60 yaktaurs
  8 freezing wraiths
  A white draconian skeleton (Crypt:2)
  14 ancient zymes
  8 guardian mummies (Crypt:3)
  5 tengu conjurers
  8 trolls
  A jumping spider (Vaults:5)
  3 meliai (D:13)
  3 polar bears
  A queen bee (D:13)
  A wind drake (Lair:6)
  A wind drake (shapeshifter) (Elf:1)
  16 hornets
  18 dream sheep
  11 tyrant leeches
  19 bog bodies
  18 blink frogs
  2 ettin zombies
  2 alligator zombies
  3 fire giant simulacra
  2 fire dragon zombies
  11 hippogriffs
  31 slime creatures
  21 raiju
  5 vampires
  A slime creature (shapeshifter) (Depths:3)
  An ice dragon zombie (Crypt:2)
  31 flying skulls
  4 shadows
  12 water elementals
  4 wraiths
  7 ynoxinuls
  5 redbacks
  55 starcursed masses
  3 spriggans (shapeshifter)
  A tarantella (Vaults:2)
  A wyvern (D:14)
  3 ettin skeletons
  Sigmund (D:3)
  An alligator skeleton (Abyss:1)
  20 yaks
  A fire dragon skeleton (WizLab)
  2 elf zombies (Vaults:5)
  2 black mamba skeletons
  A fire bat (shapeshifter) (Vaults:5)
  8 basilisks
  3 fire elementals
  2 hungry ghosts
  A tyrant leech zombie (Crypt:2)
  7 fire bats
  5 chaos spawn
  7 neqoxecs
  6 humans (D:14)
  A yaktaur simulacrum (Vaults:2)
  A golden eye (shapeshifter) (Vaults:1)
  7 wargs
  33 vampire mosquitoes
  An insubstantial wisp (WizLab)
  9 spatial vortices
  An acid dragon (D:13)
  36 large abominations
  56 nagas
  26 soldier ants
  16 swamp worms
  A swamp worm (shapeshifter) (Vaults:5)
  16 water moccasins
  19 small abominations
  2 soldier ants (shapeshifter)
  9 porcupines
  8 hell hounds
  34 orc warriors
  12 swamp drakes
  2 black bears
  A manticore zombie (Crypt:1)
  2 eyes of draining
  3 sky beasts
  A black bear (shapeshifter) (Depths:4)
  4 ice beasts
  A dream sheep zombie (Crypt:3)
  8 necrophages
  34 ogres
  4 phantoms
  A snapping turtle skeleton (Abyss:4)
  2 snapping turtle zombies
  A swamp dragon skeleton (Crypt:1)
  13 wolves
  A torpor snail zombie (Crypt:3)
  9 centaurs
  12 boggarts
  18 crocodiles
  3 human skeletons
  3 big kobolds
  2 big kobolds (shapeshifter)
  12 bullfrogs
  5 earth elementals
  3 gnoll sergeants
  A glowing shapeshifter simulacrum (Vaults:2)
  5 scorpions
  37 killer bees
  A killer bee (shapeshifter) (Depths:1)
  A troll skeleton (Crypt:1)
  8 wights
  2 electric eels (Snake:1)
  A howler monkey (D:9)
  A bullfrog zombie (D:13)
  18 crimson imps
  3 draconian simulacra (IceCv)
  8 quasits
  8 hounds
  6 jellies
  17 orc priests
  43 orc wizards
  2 bullfrog skeletons
  4 iron imps
  A basilisk skeleton (Crypt:1)
  A black bear skeleton (Crypt:1)
  4 iguanas
  25 worker ants
  3 spriggan simulacra (IceCv)
  A crocodile zombie (Crypt:2)
  A centaur simulacrum (IceCv)
  A big kobold skeleton (Crypt:1)
  14 mummies
  A howler monkey zombie (D:8)
  17 adders
  19 gnolls
  An ogre simulacrum (IceCv)
  2 naga simulacra (IceCv)
  4 shadow imps
  5 white imps
  6 ufetubi
  7 oozes
  3 worms
  A dart slug (D:3)
  2 leopard geckos
  111 orcs
  3 ball pythons
  A bat skeleton (Crypt:2)
  6 giant cockroaches
  5 goblins
  11 hobgoblins
  4 jackals
  22 kobolds
  4 quokkas
  A ball python zombie (Crypt:2)
  13 bats
  6 frilled lizards
  A gnoll skeleton (Ossuary)
  3 goblin skeletons (Ossuary)
  A jackal skeleton (D:4)
  A jackal zombie (D:5)
  A kobold skeleton (Ossuary)
  A leopard gecko skeleton (D:5)
  A leopard gecko zombie (D:8)
  3 orc skeletons (Ossuary)
  A quokka zombie (D:9)
  9 rats
  11 rat skeletons (Ossuary)
  8 briar patches
  A butterfly (D:6)
  4 fungi
  A lurking horror (Abyss:3)
  A plant (Lair:6)
  17 starspawn tentacles
2924 creatures vanquished.

Vanquished Creatures (collateral kills)
  the Lernaean hydra (Swamp:4)
  A lich (Abyss:4)
  A tentacled monstrosity (Zot:4)
  A shadow dragon (Zot:4)
  A thorn hunter (Swamp:4)
  A draconian monk (Zot:1)
  A nagaraja (Snake:4)
  A frost giant (Vaults:5)
  A ghost moth (Zot:2)
  A deep elf sorcerer (Vaults:5)
  2 fire giants (Vaults:5)
  A vault warden (Vaults:5)
  A draconian shifter (Zot:2)
  A deep elf elementalist (Vaults:5)
  A very ugly thing (Abyss:2)
  5 starcursed masses
  2 green draconians
  A black draconian (Zot:1)
  2 yellow draconians
  A purple draconian (Zot:2)
  A red draconian (Zot:1)
  3 white draconians
  2 ettins (Vaults:5)
  A fire dragon (Depths:5)
  A hydra (Swamp:4)
  A rakshasa (Abyss:4)
  2 vault guards (Vaults:5)
  A two-headed ogre (Vaults:1)
  A sun demon (Hell)
  A naga sharpshooter (Snake:2)
  A hell knight (Vaults:5)
  A deep troll (Vaults:3)
  3 slime creatures
  An ugly thing (D:13)
  A moth of wrath (Zot:4)
  An elephant (Lair:6)
  A human skeleton (Vaults:5)
  4 large abominations (Abyss:4)
  A komodo dragon (Lair:6)
  A yaktaur (Vaults:4)
  2 blink frogs
  4 flying skulls (Abyss:4)
  A redback (Vaults:5)
  A fire bat (Abyss:4)
  2 yaks
  A soldier ant (Lair:6)
  A water moccasin (Lair:6)
  An eye of draining (D:12)
  A wolf (Lair:4)
  An orc skeleton (WizLab)
  A bullfrog (Lair:3)
  An iron imp (Abyss:4)
  An orc wizard (Orc:2)
  A tengu zombie (Crypt:2)
  An adder (D:12)
  3 orcs (Orc:2)
  A fungus (Lair:4)
  2 starspawn tentacles (Abyss:4)
82 creatures vanquished.

Vanquished Creatures (others)
  A black draconian (Zot:2)
  A red draconian (Zot:1)
  A naga warrior (Snake:4)
  2 vault guards (D:14)
  A shining eye (Abyss:2)
  A moth of wrath (Zot:2)
  A naga mage (Snake:4)
  A water elemental (Elf:2)
  A human (D:14)
  2 nagas
  A swamp worm (Swamp:3)
  An ice beast (D:7)
  An orc wizard (Orc:2)
  An orc (Orc:1)
  2 briar patches (Swamp:3)
  2 bushes (Lair:6)
  A fire vortex (Depths:1)
  44 fungi
  5 lurking horrors
  42 plants
  16 starspawn tentacles
128 creatures vanquished.

Grand Total: 3134 creatures vanquished

Notes
Turn   | Place    | Note
-------+----------+-------------------------------------------
     0 | D:1      | HereIgoKillingAgain the Demonspawn Monk began the quest for
                  | the Orb.
     0 | D:1      | Reached XP level 1. HP: 18/18 MP: 1/1
   189 | D:1      | Gained mutation: You are immune to rotting. [demonic
                  | ancestry]
   189 | D:1      | Reached XP level 2. HP: 23/24 MP: 2/2
   769 | D:1      | Gained mutation: When seriously injured, your bleeding
                  | wounds create armour. (AC +12) [demonic ancestry]
   769 | D:1      | Reached XP level 3. HP: 18/29 MP: 3/3
  1975 | D:2      | Found a bloodstained altar of Trog.
  1982 | D:2      | Found a hide-covered altar of Uskayaw.
  1985 | D:2      | Found a burning altar of Makhleb.
  1986 | D:2      | Found a blossoming altar of Fedhas.
  1986 | D:2      | Found an iron altar of Okawaru.
  1986 | D:2      | Found a sacrificial altar of Ru.
  1986 | D:2      | Found a shadowy altar of Dithmenos.
  1986 | D:2      | Found an ornate altar of the Wu Jian Council.
  1987 | D:2      | Found a snail-covered altar of Cheibriados.
  1988 | D:2      | Found an opulent altar of Gozag.
  1989 | D:2      | Found a stormy altar of Qazlal.
  1990 | D:2      | Found a radiant altar of Vehumet.
  1991 | D:2      | Found a shimmering altar of Xom.
  1995 | D:2      | Became a worshipper of Qazlal Stormbringer
  1995 | D:2      | Reached * piety under Qazlal
  1995 | D:2      | Reached ** piety under Qazlal
  2317 | D:3      | Reached XP level 4. HP: 15/35 MP: 4/4
  2542 | D:3      | Reached skill level 1 in Shields
  2562 | D:3      | Noticed Sigmund
  2572 | D:3      | Killed Sigmund
  2572 | D:3      | Reached skill level 1 in Invocations
  2572 | D:3      | Reached XP level 5. HP: 39/41 MP: 0/6
  2873 | D:3      | Gained mutation: You may emit foul miasma when damaged in
                  | melee. [demonic ancestry]
  2873 | D:3      | Reached XP level 6. HP: 33/47 MP: 7/7
  3119 | D:3      | Found a glowing golden altar of the Shining One.
  3121 | D:3      | Noticed an angel
  3139 | D:3      | Found a basalt altar of Yredelemnul.
  3149 | D:3      | Reached skill level 5 in Long Blades
  3151 | D:3      | Noticed a profane servitor
  3748 | D:4      | Reached XP level 7. HP: 48/52 MP: 9/9
  4375 | D:5      | Entered Level 5 of the Dungeon
  4708 | D:5      | Gained mutation: You have large cloven feet. [demonic
                  | ancestry]
  4708 | D:5      | Reached XP level 8. HP: 38/58 MP: 11/11
  5434 | D:6      | Reached skill level 5 in Invocations
  5580 | D:6      | Reached *** piety under Qazlal
  5742 | D:6      | Found a staircase to the Ecumenical Temple.
  5856 | D:6      | Found an ornate altar of the Wu Jian Council.
  5858 | D:6      | Found a basalt altar of Yredelemnul.
  5858 | D:6      | Found an opulent altar of Gozag.
  5860 | D:6      | Found a shimmering altar of Xom.
  5860 | D:6      | Found a blossoming altar of Fedhas.
  5860 | D:6      | Found a blossoming altar of Fedhas.
  6339 | D:7      | Reached skill level 5 in Dodging
  6358 | D:7      | Found a sparkling altar of Nemelex Xobeh.
  6494 | D:7      | Found a sand-covered staircase.
  6503 | Ossuary  | Entered an ossuary
  6850 | Ossuary  | Gained mutation: You have hoof-like feet. [demonic
                  | ancestry]
  6850 | Ossuary  | Reached XP level 9. HP: 53/63 MP: 13/13
  7045 | D:7      | Reached **** piety under Qazlal
  7155 | D:7      | Got a twisted rapier
  7156 | D:7      | Identified the cursed +1 rapier of Destruction {pierce,
                  | MR++ Int+6} (You found it on level 7 of the Dungeon)
  7997 | D:7      | Reached skill level 15 in Invocations
  7997 | D:7      | Gained mutation: You frequently emit foul miasma when
                  | damaged in melee. [demonic ancestry]
  7997 | D:7      | Reached XP level 10. HP: 49/70 MP: 14/21
  7999 | D:7      | Reached XP level 11. HP: 53/75 MP: 22/22
  9731 | D:9      | Noticed Psyche
  9741 | D:9      | Killed Psyche
 10071 | D:10     | Entered Level 10 of the Dungeon
 10116 | D:10     | Noticed a two-headed ogre
 10388 | D:10     | Killed a two-headed ogre
 10788 | D:10     | Found a staircase to the Lair.
 10982 | D:10     | Gained mutation: A weak demonic guardian rushes to your
                  | aid. [demonic ancestry]
 10982 | D:10     | Reached XP level 12. HP: 84/84 MP: 23/23
 11259 | Lair:1   | Entered Level 1 of the Lair of Beasts
 11613 | D:11     | Noticed Gastronok
 11617 | D:11     | Found Zakin's Magic Scroll Emporium.
 11844 | D:11     | Killed Gastronok
 11844 | D:11     | Reached skill level 5 in Fighting
 11856 | D:11     | Bought a scroll of identify for 24 gold pieces
 11856 | D:11     | Bought a scroll of identify for 24 gold pieces
 11856 | D:11     | Bought a scroll of identify for 24 gold pieces
 11856 | D:11     | Bought a scroll of magic mapping for 42 gold pieces
 11856 | D:11     | Bought a scroll of identify for 24 gold pieces
 11856 | D:11     | Bought a scroll of torment for 90 gold pieces
 11856 | D:11     | Bought a scroll of vulnerability for 90 gold pieces
 12538 | D:12     | Noticed a centaur warrior
 12549 | D:12     | Killed a centaur warrior
 12814 | D:12     | Found a transporter.
 12826 | D:12     | Noticed Skallagrim's ghost (novice FeSu)
 12858 | D:12     | Reached ***** piety under Qazlal
 12942 | D:12     | Found a staircase to the Orcish Mines.
 12996 | D:12     | Found a transporter.
 13638 | D:12     | Gained mutation: [Potions are less effective at restoring
                  | your health.] [a neqoxec]
 13643 | D:12     | Gained mutation: [You are clumsy. (Dex -2)] [a neqoxec]
 13648 | D:12     | Killed Skallagrim's ghost
 13648 | D:12     | Gained mutation: [You are weak. (Str -2)] [a neqoxec]
 13654 | D:12     | Got the ring "Hojod" {Int-3}
 13655 | D:12     | Identified the cursed ring "Hojod" {+Fly rElec Int-3
                  | Stlth-} (You found it on level 12 of the Dungeon)
 14363 | Lair:2   | Found a staircase to the Swamp.
 14926 | Lair:2   | Gained mutation: When seriously injured, your bleeding
                  | wounds create thick armour. (AC +12) [demonic ancestry]
 14926 | Lair:2   | Reached XP level 13. HP: 91/95 MP: 24/24
 15532 | Lair:3   | Found a runed door.
 15648 | Lair:3   | Found a staircase to the Snake Pit.
 15736 | Lair:3   | Lost mutation: [You are weak. (Str -2)] [potion of
                  | mutation]
 15736 | Lair:3   | Lost mutation: [You are clumsy. (Dex -2)] [potion of
                  | mutation]
 15736 | Lair:3   | Lost mutation: [Potions are less effective at restoring
                  | your health.] [potion of mutation]
 15736 | Lair:3   | Gained mutation: You are robust. (+10% HP) [potion of
                  | mutation]
 15736 | Lair:3   | Lost mutation: You are robust. (+10% HP) [potion of
                  | mutation]
 15736 | Lair:3   | Gained mutation: You have an increased reservoir of magic.
                  | (+10% MP) [potion of mutation]
 15864 | Lair:3   | Noticed Guahish's ghost (journeyman GrEE)
 15864 | Lair:3   | Identified the +4 spear of the Invisible Wishes {drain,
                  | *Rage Str+10 SInv}
 16588 | Lair:4   | Reached skill level 10 in Dodging
 17893 | Lair:5   | Found a runed door.
 17895 | Lair:5   | Identified the cursed +0 trident of Duty {vamp, *Corrode
                  | rElec Dex+3}
 18582 | Lair:5   | Found a viscous altar of Jiyva.
 18582 | Lair:5   | Found a staircase to the Slime Pits.
 18723 | Lair:5   | Identified the amulet "Ygganath" {Faith Str+2}
 18724 | Lair:5   | Noticed Acheron's ghost (journeyman GrMo)
 18744 | Lair:6   | Entered Level 6 of the Lair of Beasts
 18760 | Lair:5   | Reached XP level 14. HP: 78/106 MP: 28/28
 19368 | Lair:6   | Noticed an entropy weaver
 20414 | Lair:6   | Killed an entropy weaver
 20430 | Lair:6   | Noticed an entropy weaver
 20444 | Lair:6   | Killed an entropy weaver
 20941 | Lair:6   | Reached skill level 10 in Fighting
 21319 | Lair:6   | Got a transparent bronze ring
 21450 | Lair:6   | Identified the ring of Attitude {Ice +Fly rPois Str+3 SInv}
                  | (You found it on level 6 of the Lair of Beasts)
 21979 | D:13     | HP: 4/110 [meliai/divine providence (16)]
 22992 | D:13     | Gained mutation: When seriously injured, your bleeding
                  | wounds create very thick armour. (AC +12) [demonic
                  | ancestry]
 22992 | D:13     | Reached XP level 15. HP: 103/117 MP: 30/30
 23806 | D:14     | Reached ****** piety under Qazlal
 24058 | D:14     | Identified the +6 plate armour of Untruth {rElec rCorr}
 24343 | D:14     | Noticed a sphinx
 24349 | D:14     | Killed a sphinx
 24645 | D:14     | Found a gate to the Vaults.
 24799 | D:14     | Found Welaisul's Distillery.
 24807 | D:14     | Bought a potion of heal wounds for 80 gold pieces
 24807 | D:14     | Bought a potion of heal wounds for 80 gold pieces
 24892 | D:15     | Entered Level 15 of the Dungeon
 25176 | D:15     | Found a basalt altar of Yredelemnul.
 25315 | D:15     | Found a staircase to the Depths.
 25354 | D:15     | Found a sacrificial altar of Ru.
 25672 | Orc:1    | Entered Level 1 of the Orcish Mines
 25704 | Orc:1    | Found a frozen archway.
 25731 | IceCv    | Entered an ice cave
 25885 | IceCv    | Gained mutation: You have hooves in place of feet. [demonic
                  | ancestry]
 25885 | IceCv    | Reached XP level 16. HP: 126/126 MP: 31/31
 26000 | IceCv    | Got a crude rapier
 26081 | IceCv    | Identified the +5 rapier of Riklonot {pierce, Str+4} (You
                  | found it in an ice cave)
 26150 | Orc:1    | Found Umerhyer's Antique Armour Shoppe.
 26304 | Orc:2    | Entered Level 2 of the Orcish Mines
 26341 | Orc:2    | Found a staircase to the Elven Halls.
 26498 | Orc:2    | Found a roughly hewn altar of Beogh.
 26702 | Orc:2    | Found Iluojerch's Distillery.
 26702 | Orc:2    | Found Oreorelu's Antique Weapon Shop.
 26913 | Orc:2    | Found Adoan's Antique Weapon Emporium.
 26913 | Orc:2    | Found Leqew's Armour Shop.
 26959 | Orc:2    | Bought a crystal great sword for 356 gold pieces
 26966 | Orc:2    | Identified the +12 great sword "Conservator" {slice, MR+}
                  | (You bought it in a shop on level 2 of the Orcish Mines)
 27086 | Orc:2    | Bought the +7 Kryia's mail coat {PotionHeal*2 rC+} for 1080
                  | gold pieces
 27086 | Orc:2    | Found the +7 Kryia's mail coat {PotionHeal*2 rC+}
 27160 | Orc:1    | Found a radiant altar of Vehumet.
 27373 | Snake:1  | Entered Level 1 of the Snake Pit
 27874 | Snake:1  | Found Xuir's Jewellery Emporium.
 27945 | Snake:1  | Found Atsukh's General Store.
 27946 | Snake:1  | Found Usuergh's Magic Scroll Emporium.
 27971 | Snake:1  | Found Jolul's Antique Weapon Boutique.
 28023 | Snake:1  | Found Goaron's General Store.
 29631 | Snake:3  | Reached skill level 15 in Long Blades
 29635 | Snake:3  | Reached skill level 15 in Dodging
 29637 | Snake:3  | Noticed Vashnia
 30625 | Snake:3  | Killed Vashnia
 31094 | Snake:3  | Reached XP level 17. HP: 66/135 MP: 33/33
 31518 | Snake:4  | Entered Level 4 of the Snake Pit
 32338 | Snake:4  | Found Pesukuv's Armour Emporium.
 32887 | Snake:4  | Found Buruc's Jewellery Emporium.
 32889 | Snake:4  | Found Kojeehon's Book Shoppe.
 32895 | Snake:4  | Found Jooreozo's Antique Armour Emporium.
 34218 | Snake:4  | Got a serpentine rune of Zot
 34522 | Swamp:1  | Entered Level 1 of the Swamp
 34725 | Swamp:1  | Reached XP level 18. HP: 109/143 MP: 35/35
 35213 | Swamp:2  | Noticed Jorgrun
 35223 | Swamp:2  | Killed Jorgrun
 36820 | Swamp:4  | Entered Level 4 of the Swamp
 36821 | Swamp:4  | Noticed P0WERM0DE's ghost (journeyman DDFi)
 37321 | Swamp:3  | Found a glowing golden altar of the Shining One.
 37326 | Swamp:3  | Noticed Louise
 37339 | Swamp:3  | Killed Louise
 37373 | Swamp:3  | Got a bound tin ring
 38304 | Swamp:4  | Noticed the 27-headed Lernaean hydra
 39807 | Swamp:4  | Identified the ring "Naiveehy" {rF+ Slay+3} (You found it
                  | on level 3 of the Swamp)
 40238 | Swamp:4  | Found a transporter.
 40255 | Swamp:4  | Found a transporter.
 40491 | Swamp:4  | Killed the 27-headed Lernaean hydra
 40519 | Swamp:4  | Got a decaying rune of Zot
 40888 | Vaults:1 | Entered Level 1 of the Vaults
 40926 | Vaults:1 | Gained mutation: Your magical and physical power is
                  | slightly enhanced at high health. [demonic ancestry]
 40926 | Vaults:1 | Reached XP level 19. HP: 133/149 MP: 36/36
 41216 | Vaults:1 | Identified the amulet "Pucsussu" {Harm *Drain Str+2 SInv
                  | Stlth+}
 43172 | Vaults:1 | Learned a level 9 spell: Tornado
 43424 | Orc:2    | Bought a potion of curing for 48 gold pieces
 43424 | Orc:2    | Bought a potion of might for 64 gold pieces
 43424 | Orc:2    | Bought a potion of heal wounds for 80 gold pieces
 43424 | Orc:2    | Bought a potion of agility for 64 gold pieces
 43424 | Orc:2    | Bought a potion of curing for 48 gold pieces
 43424 | Orc:2    | Bought a potion of heal wounds for 80 gold pieces
 43562 | D:14     | Bought a potion of agility for 64 gold pieces
 43562 | D:14     | Bought a potion of agility for 64 gold pieces
 43562 | D:14     | Bought a potion of curing for 48 gold pieces
 43562 | D:14     | Bought a potion of curing for 48 gold pieces
 43562 | D:14     | Bought a potion of curing for 48 gold pieces
 43737 | Snake:1  | Bought a scroll of teleportation for 36 gold pieces
 43737 | Snake:1  | Bought a potion of curing for 36 gold pieces
 43774 | Snake:1  | Bought a scroll of teleportation for 48 gold pieces
 43774 | Snake:1  | Bought a scroll of teleportation for 48 gold pieces
 43774 | Snake:1  | Bought a scroll of enchant armour for 120 gold pieces
 44341 | Vaults:2 | Got a vibrating turquoise ring
 44714 | Vaults:3 | Reached skill level 1 in Air Magic
 44718 | Vaults:3 | Reached skill level 1 in Spellcasting
 44755 | Vaults:3 | Reached skill level 2 in Air Magic
 44787 | Vaults:3 | Reached skill level 3 in Air Magic
 45046 | Vaults:3 | Reached skill level 4 in Air Magic
 45537 | Vaults:3 | Gained mutation: Your magical and physical power is
                  | enhanced at high health. [demonic ancestry]
 45537 | Vaults:3 | Reached XP level 20. HP: 153/156 MP: 31/37
 45545 | Vaults:3 | Found a staircase to the Crypt.
 45545 | Vaults:3 | Found a basalt altar of Yredelemnul.
 45546 | Vaults:3 | Found an ancient bone altar of Kikubaaqudgha.
 45595 | Vaults:3 | Reached skill level 5 in Air Magic
 46273 | Vaults:4 | Reached skill level 6 in Air Magic
 46633 | Vaults:4 | Reached skill level 7 in Air Magic
 46700 | Vaults:4 | Reached skill level 5 in Spellcasting
 47136 | Vaults:4 | Found a large runed door.
 47137 | Vaults:4 | Noticed Qyisuosupp's ghost (adept MiBe)
 47137 | Vaults:4 | Noticed Hucw's ghost (veteran GrFi)
 47138 | Vaults:4 | Found a large runed door.
 47382 | Vaults:5 | Entered Level 5 of the Vaults
 47683 | Elf:1    | Entered Level 1 of the Elven Halls
 47706 | Elf:1    | Reached skill level 8 in Air Magic
 48225 | Elf:1    | Reached skill level 9 in Air Magic
 48357 | Elf:1    | Identified the ring of Eggop {rElec rPois rC+ SInv Stlth+}
                  | (You found it on level 2 of the Vaults)
 48468 | Elf:1    | Got an opal-encrusted chain mail
 48476 | Elf:1    | Identified the cursed +1 chain mail of Protective Custody
                  | {rPois rCorr} (You found it on level 1 of the Elven Halls)
 48617 | Elf:1    | Found a deep blue altar of Sif Muna.
 49121 | Elf:2    | Reached XP level 21. HP: 130/162 MP: 38/38
 49202 | Elf:2    | Found a magical portal.
 49313 | WizLab   | Entered The Roulette of Golubria
 49313 | WizLab   | Found a transporter.
 49316 | WizLab   | Found a corrupted altar of Lugonu.
 49317 | WizLab   | Found the +2 cloak of the Thief {+Fog Slay-2 SInv Stlth+}
 49352 | WizLab   | Found a transporter.
 49369 | WizLab   | Found a transporter.
 49396 | WizLab   | Found the +2 ratskin cloak {+Rats rPois rN+ Str-1 Int-1
                  | Dex+1}
 49406 | WizLab   | Found a corrupted altar of Lugonu.
 49411 | WizLab   | Found a transporter.
 49438 | WizLab   | Found a transporter.
 49454 | WizLab   | Found a transporter.
 49463 | WizLab   | Found a transporter.
 49498 | WizLab   | Reached skill level 10 in Air Magic
 49502 | WizLab   | Found a transporter.
 49555 | WizLab   | Found a transporter.
 49619 | WizLab   | Found a transporter.
 49661 | WizLab   | Found a transporter.
 49872 | WizLab   | Found a transporter.
 49909 | WizLab   | Found a transporter.
 49922 | WizLab   | Got a warped cloak
 49931 | WizLab   | Got a polished cloak
 49958 | WizLab   | Identified the +1 cloak of Shadows and Fog {Dex+7} (You
                  | found it in a wizard's laboratory)
 49959 | WizLab   | Identified the +2 cloak of Zotewew {rN+ rCorr Slay+3} (You
                  | found it in a wizard's laboratory)
 50017 | WizLab   | Identified Golubria's Handbook of Displacement
 50059 | WizLab   | Found a transporter.
 50059 | WizLab   | Found a transporter.
 50085 | WizLab   | Found a transporter.
 50085 | WizLab   | Found a transporter.
 50124 | WizLab   | Found a transporter.
 50142 | WizLab   | Found a transporter.
 50142 | WizLab   | Found a transporter.
 50273 | Elf:2    | Noticed Asterion
 50285 | Elf:2    | Killed Asterion
 50294 | Elf:2    | Found a huge runed gate.
 50294 | Elf:2    | Found a huge runed gate.
 50294 | Elf:2    | Found a huge runed gate.
 50295 | Elf:2    | Found a huge runed gate.
 50298 | Elf:2    | Found a huge runed gate.
 50630 | Elf:3    | Entered Level 3 of the Elven Halls
 50652 | Elf:3    | Reached skill level 11 in Air Magic
 50682 | Elf:3    | Identified the +5 quarterstaff of Gozag's Regard {crush,
                  | rF+ Dex+3 SInv}
 51198 | Elf:3    | Identified the +6 broad axe of Noteerr {drain, +Inv rN+
                  | Str-2 Dex+2}
 51201 | Elf:3    | Reached skill level 12 in Air Magic
 51269 | Elf:3    | Found the +8 lance "Wyrmbane" {slay drac, rPois rF+ rC+
                  | AC+3}
 51299 | Elf:3    | Got a brightly glowing plate armour
 51765 | Elf:3    | Identified a scroll of acquirement
 51767 | Elf:3    | Identified the +4 plate armour of Devotion {-Cast rC+++
                  | Int+4 Dex-4} (You found it on level 3 of the Elven Halls)
 52073 | Snake:1  | Bought a scroll of acquirement for 832 gold pieces
 52075 | Snake:1  | Got a pair of fine gloves
 52086 | Snake:1  | Identified the -2 pair of gloves of Jaifesek {-Tele *Contam
                  | +Fly rPois Str+9} (You acquired it on level 1 of the Snake
                  | Pit)
 52098 | Snake:1  | Got a steaming jade ring
 52099 | Snake:1  | Identified the ring of the First Blessings {Wiz Str+4
                  | Int+2} (You acquired it on level 1 of the Snake Pit)
 52124 | Snake:1  | Gained mutation: [Scrolls take you a little longer to
                  | read.] [mutagenic glow]
 52401 | Elf:1    | Lost mutation: [Scrolls take you a little longer to read.]
                  | [potion of mutation]
 52401 | Elf:1    | Lost mutation: You have an increased reservoir of magic.
                  | (+10% MP) [potion of mutation]
 52401 | Elf:1    | Gained mutation: Your body sometimes deteriorates upon
                  | taking damage. [potion of mutation]
 52401 | Elf:1    | Gained mutation: You have a pair of small horns on your
                  | head. [potion of mutation]
 52401 | Elf:1    | Gained mutation: Your mind is acute. (Int +2) [potion of
                  | mutation]
 52401 | Elf:1    | Gained mutation: You expend magic power (3 MP) to
                  | strengthen your wands. [potion of mutation]
 52553 | Depths:1 | Entered Level 1 of the Depths
 52553 | Depths:1 | Found Foah's Armour Emporium.
 52586 | Depths:1 | Found a one-way gate leading to the halls of Pandemonium.
 52588 | Depths:1 | Reached skill level 1 in Armour
 52596 | Depths:1 | Learned a level 6 spell: Deflect Missiles
 52638 | Depths:1 | Reached skill level 1 in Charms
 52760 | Depths:1 | Found a one-way gate to the infinite horrors of the Abyss.
 53048 | Depths:1 | Found a gateway to Hell.
 53094 | Depths:1 | Found Mefuseil's Elemental Accessories.
 53567 | Depths:2 | Reached XP level 22. HP: 158/169 MP: 36/36
 53599 | Depths:2 | Found Ecwoasim's Distillery.
 53599 | Depths:2 | Found a gateway to a ziggurat.
 53608 | Depths:2 | Bought a potion of heal wounds for 90 gold pieces
 53608 | Depths:2 | Bought a potion of curing for 54 gold pieces
 53608 | Depths:2 | Bought a potion of curing for 54 gold pieces
 53608 | Depths:2 | Bought a potion of heal wounds for 90 gold pieces
 53791 | Depths:2 | Noticed Saint Roka
 53806 | Depths:2 | Killed Saint Roka
 54098 | Depths:2 | Reached skill level 13 in Air Magic
 54207 | Depths:2 | Identified the +9 lajatang of the Endless Souls {elec,
                  | *Drain +Inv rElec rN+}
 54693 | Depths:3 | Found Dubi's Antique Weapon Boutique.
 55017 | Depths:3 | Reached skill level 10 in Spellcasting
 55037 | Depths:3 | Reached skill level 5 in Armour
 55344 | Depths:3 | Reached skill level 5 in Charms
 55847 | Depths:3 | Found a portal to a secret trove of treasure.
 56107 | Depths:4 | Reached skill level 14 in Air Magic
 56201 | Depths:4 | Reached XP level 23. HP: 118/177 MP: 37/37
 56437 | Depths:4 | Noticed Margery
 56456 | Depths:4 | Killed Margery
 56513 | Depths:4 | Noticed Sojobo
 56534 | Depths:4 | Killed Sojobo
 56809 | Depths:4 | Noticed a caustic shrike
 56811 | Depths:4 | Killed a caustic shrike
 56816 | Depths:4 | Reached skill level 15 in Air Magic
 56825 | Depths:4 | Paralysed by a great orb of eyes for 3 turns
 56830 | Depths:4 | Noticed a caustic shrike
 56830 | Depths:4 | Identified the +1 robe "Bapnous" {*Corrode rElec rC+
                  | Slay+3}
 56836 | Depths:4 | Noticed a caustic shrike
 56855 | Depths:4 | Killed a caustic shrike
 56865 | Depths:4 | Killed a caustic shrike
 56885 | Depths:4 | Noticed a caustic shrike
 56888 | Depths:4 | Killed a caustic shrike
 57231 | Depths:4 | Found Suriam's Jewellery Boutique.
 57231 | Depths:4 | Found Sutzeac's Gadget Shoppe.
 57232 | Depths:4 | Found Piplas's Gadget Shoppe.
 57449 | Depths:5 | Entered Level 5 of the Depths
 57685 | Depths:5 | Gained mutation: A demonic guardian rushes to your aid.
                  | [demonic ancestry]
 57685 | Depths:5 | Reached XP level 24. HP: 104/185 MP: 37/37
 57771 | Depths:5 | Found a gate to the Realm of Zot.
 57919 | Depths:5 | Reached skill level 16 in Air Magic
 57935 | Depths:5 | Reached skill level 10 in Armour
 58373 | Hell     | Entered the Vestibule of Hell
 58373 | Hell     | Noticed Geryon
 58391 | Hell     | Killed Geryon
 58633 | Depths:3 | You paid a toll of the horn of Geryon to enter a treasure
                  | trove
 58634 | Trove    | Entered a treasure trove
 58637 | Trove    | Got a coiled amethyst amulet
 58639 | Trove    | Got a bound ruby amulet
 58641 | Trove    | Got a crude lead ring
 58653 | Trove    | Got a heavily runed granite ring
 58657 | Trove    | Got a warped tin amulet
 58660 | Trove    | Got an ancient ruby amulet
 58671 | Depths:3 | Identified the amulet of Jyddoqi {Harm *Drain Stlth+} (You
                  | found it in a treasure trove)
 58672 | Depths:3 | Identified the amulet "Sadgh" {Harm *Drain Int+2} (You
                  | found it in a treasure trove)
 58673 | Depths:3 | Identified the amulet "Nytad" {RegenMP +Fly Str+2} (You
                  | found it in a treasure trove)
 58674 | Depths:3 | Identified the amulet of Exhibitionism {Harm *Drain Stlth+}
                  | (You found it in a treasure trove)
 58676 | Depths:3 | Identified the ring "Woklac" {*Drain rElec rC+ Dex+7} (You
                  | found it in a treasure trove)
 58678 | Depths:3 | Identified the ring of Creativity {rElec Str+2 Int+3} (You
                  | found it in a treasure trove)
 59197 | Vaults:5 | Identified the amulet "Nenulol" {Harm *Drain +Blink}
 59199 | Vaults:5 | Noticed Mennas
 59201 | Vaults:5 | Reached skill level 17 in Air Magic
 59312 | Vaults:5 | Killed Mennas
 59347 | Vaults:5 | Identified the +8 broad axe of the Spider Nest {holy, rF+
                  | rC+}
 59358 | Vaults:5 | Identified the ring "Kyrir" {rCorr rF+ rC+ Slay+6}
 59382 | Vaults:5 | Reached skill level 10 in Charms
 59498 | Vaults:5 | Gained mutation: A powerful demonic guardian rushes to your
                  | aid. [demonic ancestry]
 59498 | Vaults:5 | Reached XP level 25. HP: 191/191 MP: 37/37
 59618 | Vaults:5 | Identified the +3 leather armour "Vuireem" {-Tele rElec
                  | Regen+ Dex+3}
 59969 | Vaults:5 | Identified the Almanac of the Arsonist
 60219 | Vaults:5 | Got a silver rune of Zot
 60858 | Snake:4  | Bought the +2 robe of Vines {NoPotionHeal Regen+7} for 3360
                  | gold pieces
 60858 | Snake:4  | Found the +2 robe of Vines {NoPotionHeal Regen+7}
 60889 | Snake:4  | Got a scintillating garnet amulet
 60890 | Snake:4  | Identified the amulet "Ysahamu" {Reflect rPois Str+3 SH+5}
                  | (You acquired it on level 4 of the Snake Pit)
 61201 | Crypt:1  | Entered Level 1 of the Crypt
 61332 | Crypt:1  | Found an ancient bone altar of Kikubaaqudgha.
 61517 | Crypt:1  | Reached skill level 18 in Air Magic
 62369 | Crypt:2  | Noticed Jory
 62380 | Crypt:2  | Killed Jory
 62472 | Crypt:2  | Identified the ring of Sygiofiah {MR+ Str+2 Dex+2 SInv}
 62520 | Crypt:2  | Found a basalt altar of Yredelemnul.
 62868 | Crypt:3  | Entered Level 3 of the Crypt
 63238 | Crypt:3  | Reached skill level 15 in Fighting
 63255 | Crypt:3  | Gained mutation: Your magical and physical power is greatly
                  | enhanced at high health. [demonic ancestry]
 63255 | Crypt:3  | Reached XP level 26. HP: 201/201 MP: 38/38
 63343 | Crypt:3  | Reached skill level 19 in Air Magic
 63508 | Crypt:3  | Found a staircase to the Tomb.
 63810 | Crypt:3  | Identified the amulet "Quint" {rElec Regen+ SInv}
 63870 | Crypt:3  | Found an ancient bone altar of Kikubaaqudgha.
 63873 | Crypt:3  | Found a basalt altar of Yredelemnul.
 63899 | Crypt:3  | Got a fine diamond amulet
 63899 | Crypt:3  | Got a smoking wooden ring
 64338 | Snake:1  | Bought the ring of the Mage {Wiz MR++ Int+3} for 723 gold
                  | pieces
 64338 | Snake:1  | Found the ring of the Mage {Wiz MR++ Int+3}
 64557 | Depths:1 | Bought an uncursed staff of air for 325 gold pieces
 64563 | Depths:1 | Identified the amulet of Syndicalism {Regen+ Str+6} (You
                  | found it on level 3 of the Crypt)
 64564 | Depths:1 | Identified the ring "Zudu Warr" {rPois rF+ rN+} (You found
                  | it on level 3 of the Crypt)
 64760 | Zot:1    | Entered Level 1 of the Realm of Zot
 64926 | Zot:1    | Reached skill level 20 in Air Magic
 65007 | Zot:1    | Noticed an orb of fire
 65624 | Zot:2    | Reached XP level 27. HP: 208/208 MP: 40/40
 66274 | Zot:3    | Reached skill level 21 in Air Magic
 67014 | Zot:4    | Reached skill level 22 in Air Magic
 67270 | Zot:4    | Reached skill level 15 in Spellcasting
 67765 | Zot:5    | Entered Level 5 of the Realm of Zot
 68303 | Zot:5    | Identified the +4 falchion "Jiun" {slice, Dex+3}
 68318 | Zot:5    | Noticed an orb of fire
 68318 | Zot:5    | Gained mutation: Your body often deteriorates upon taking
                  | damage. [an orb of fire]
 68322 | Zot:5    | Gained mutation: [You are frail. (-10% HP)] [an orb of
                  | fire]
 68322 | Zot:5    | Noticed an orb of fire
 68325 | Zot:5    | Noticed an orb of fire
 68330 | Zot:5    | Gained mutation: [You are very frail. (-20% HP)] [an orb of
                  | fire]
 68333 | Zot:5    | Reached skill level 23 in Air Magic
 68335 | Zot:5    | Noticed an orb of fire
 68336 | Zot:5    | Noticed an orb of fire
 68385 | Zot:4    | Lost mutation: You expend magic power (3 MP) to strengthen
                  | your wands. [potion of mutation]
 68385 | Zot:4    | Lost mutation: Your body often deteriorates upon taking
                  | damage. [potion of mutation]
 68385 | Zot:4    | Lost mutation: [You are very frail. (-20% HP)] [potion of
                  | mutation]
 68385 | Zot:4    | Lost mutation: [You are frail. (-10% HP)] [potion of
                  | mutation]
 68385 | Zot:4    | Lost mutation: Your mind is acute. (Int +2) [potion of
                  | mutation]
 68385 | Zot:4    | Gained mutation: You can translocate small distances at
                  | will. [potion of mutation]
 68402 | Zot:4    | Learned a level 8 spell: Controlled Blink
 68601 | Depths:4 | Voluntarily entered the Abyss.
 69383 | Abyss:1  | Reached skill level 24 in Air Magic
 69674 | Abyss:2  | Gained mutation: [You are frail. (-10% HP)] [a shining eye]
 70142 | Abyss:4  | Gained mutation: [You are weak. (Str -2)] [a neqoxec]
 70199 | Abyss:4  | Gained mutation: Your body often deteriorates upon taking
                  | damage. [a neqoxec]
 70266 | Abyss:4  | Gained mutation: [You are very frail. (-20% HP)] [a
                  | cacodemon]
 70391 | Abyss:4  | Reached skill level 25 in Air Magic
 70402 | Abyss:4  | Paralysed by accursed screaming for 1 turns
 70409 | Abyss:4  | Paralysed by accursed screaming for 1 turns
 70415 | Abyss:4  | HP: 8/166 [starcursed mass/accursed screaming (12)]
 70415 | Abyss:4  | Paralysed by accursed screaming for 2 turns
 70690 | Abyss:4  | Paralysed by accursed screaming for 2 turns
 70691 | Abyss:4  | Killed from afar by a starcursed mass

Vault maps used:
D:1:      dpeg_arrival_chase, minmay_split_cup_small
D:2:      minitemple
D:3:      grunt_temple_overflow_holy_war, first_ration, uniq_sigmund
D:4:      guppyfry_early_lair_pool
D:5:      minmay_skewed_foursquare
D:6:      wander_river, minmay_temple_entry_butterflies, doesnt_xom_only_xom
D:7:      lightli_ossuary_entry_decrepit_ruins, nemelex_dance_club_becter
D:9:      uniq_psyche
D:10:     david_lair_generic, hangedman_little_slice_of_home
D:11:     serial_shops, nicolae_shop_statue_plus, uniq_gastronok
D:12:     david_orc_1_choice, gammafunk_ghost_stat_death
D:13:     regret_index_wax_grids
D:14:     ximxim_vaults_locker_room, serial_shops, shop,
          minmay_hollow_rounded_squares
D:15:     grunt_enter_depths_magical_seal, lemuel_doored_altar, basic_altar
Lair:2:   swamp_mist
Lair:3:   minmay_snake_entry_guardpost_medium, ebering_ghost_funeral_grove,
          patterned_corridor
Lair:4:   grunt_megastairs_1
Lair:5:   dpeg_slime_entry_enclosed_altar, ebering_ghost_funeral_grove,
          lemuel_fruit_tree
Lair:6:   gammafunk_lair_ancient_temple, minivault_29
Swamp:1:  evilmike_swamp_ruin_rubble_2
Swamp:2:  evilmike_swamp_ruin_house_5, uniq_jorgrun
Swamp:3:  basic_altar, swamp_pool2, infiniplex_staircase_pool, uniq_louise
Swamp:4:  grunt_swamp_rune_castle, gammafunk_ghost_arena
Snake:1:  serial_shops, shop, nicolae_shop_overgrown_old_shop, shop,
          shop_scrolls, shop, serial_bayou_pond_b, grunt_ministairs_8
Snake:3:  serial_curves, eino_curves_01, eino_curves_01,
          nicolae_snake_linked_coils, uniq_vashnia
Snake:4:  snake_pit, serial_shops, nicolae_shop_statue_plus, grunt_ministairs_9,
          basic_stair_grate_trap, minmay_shop_star
Orc:1:    basic_altar, portal_ice_cave_demonic_guard, serial_shops, shop_statue
Orc:2:    st_orc_town
Elf:1:    basic_altar, orc_legates, einodemon_crawler_minivault
Elf:2:    mu_enter_wizlab_2, uniq_asterion
Elf:3:    minmay_elf_hall
Vaults:1: nicolae_vaults_network_s, hangedman_vaults_corner, v_misc_10,
          st_check, vaults_standard_mumra_x, v_misc_8,
          hangedman_vaults_river_flow, hangedman_vaults_snaps, vaults_dpeg_hooks
Vaults:2: nicolae_vaults_little_squares_3, vaults_room_large_hall, v_misc_18,
          ontoclasm_vaults_ring_small, ontoclasm_vaults_hangar,
          vaults_room_door_hall
Vaults:3: v_misc_24, minmay_crypt_entry_necro_gods,
          nicolae_vaults_circle_grid_a, ontoclasm_vaults_misaligned,
          vaults_room_hallway, v_alt_pattern_2, nicolae_vaults_little_squares_2,
          vaults_dpeg_ring, v_pattern_3, v_misc_22, vaults_room_semicircle
Vaults:4: advil_vaults_ghost_guards, st_cells, ontoclasm_vaults_hangar,
          ontoclasm_vaults_decontamination, v_pattern_5, v_misc_2, v_misc_13,
          vaults_room_fours, v_misc_24, vaults_room_door_ring, v_misc_15
Vaults:5: uniq_mennas
Crypt:1:  basic_altar
Crypt:2:  lemuel_vampire_tower
Crypt:3:  lightli_unholy_cathedral, tomb_entry_sphere_bobbens
Depths:1: pan_entry, abyss_entry, kennysheep_crisscross,
          pf_dread_powers_of_hell, serial_shops,
          nicolae_shop_competitors_out_of_business, nicolae_elemental_shop,
          minmay_fractal_squares_diagonal_5
Depths:2: minmay_expanding_circles, enter_ziggurat_e, roderic_lattice_a,
          hellmouth_1, abyss_entry, pan_entry, serial_shops, shop,
          uniq_saint_roka
Depths:3: minmay_quarter_circles, rand_demon_pan_entry_8, serial_shops, shop,
          skrybe_limestone_x, nicolae_trove_entry_diagonal, hell_entry,
          serial_bayou_pond_d, infiniplex_staircase_river
Depths:4: minmay_the_grid_square_5x5_5x5_mashed, serial_bayou,
          serial_bayou_lake_a, serial_bayou_lagoon_b, serial_bayou_pond_a,
          serial_bayou_shore_b, abyss_entry, hell_entry, spider_trap,
          minmay_shop_grove, uniq_margery, uniq_sojobo
Depths:5: grunt_zot_entry_hairpin, hell_entry, minmay_misc_feat_secret_circle,
          corexii_hall_statues_u
Zot:1:    nrook_zot_tub
Zot:3:    lemuel_elevator
Zot:4:    st_stairs_13
Abyss:2:  lemuel_firewalk_3, hangedman_abyss_or_decor_slice,
          hangedman_elemental_corridor, hangedman_decor_points
Abyss:3:  nicolae_abyss_rune_star_stuff
Abyss:4:  nicolae_abyss_rune_star_stuff, guppyfry_abyss_exit_spiral_guarded,
          minivault_28
Trove:    trove_jewellery_lava
Ossuary:  ossuary_due_small_catacomb
IceCv:    ice_cave_tombish
WizLab:   wizlab_golubria

Skill      XL: |  1  2  3  4  5  6  7  8  9 10 11 12 13 14 15 16 17 18 19 20 21 22 23 24 25 26 27 |
---------------+----------------------------------------------------------------------------------+-----
Long Blades    | 3 4 5 6 7 8 11 12 13 14 15 16 19 20 21 | 21.2
Shields        | 2 3 4 |  4.0
Dodging        | 3 4 5 6 8 10 12 14 15 16 17 18 | 18.0
Invocations    | 1 2 3 4 6 15 17 18 19 20 | 20.0
Fighting       | 4 6 8 10 11 12 13 14 15 | 15.2
Air Magic      | 4 9 12 14 15 17 18 20 25 | 25.4
Spellcasting   | 3 6 9 10 11 13 15 | 15.3
Armour         | 2 5 9 12 13 | 13.1
Charms         | 2 5 8 10 | 10.4
Stealth        | |  1.7

Action                   |  1- 3 |  4- 6 |  7- 9 | 10-12 | 13-15 | 16-18 | 19-21 | 22-24 | 25-27 || total
-------------------------+-------+-------+-------+-------+-------+-------+-------+-------+-------++-------
Melee: Falchion          |   137 |   170 |   591 |   699 |  1036 |       |       |       |       ||  2633
       Kick              |       |       |   178 |   286 |   737 |   526 |   487 |   373 |   855 ||  3442
       Scimitar          |       |       |       |       |   432 |   202 |       |       |       ||   634
       Great sword       |       |       |       |       |       |   992 |  1102 |   735 |  1765 ||  4594
       Headbutt          |       |       |       |       |       |       |    50 |   224 |   515 ||   789
 Cast: Deflect Missiles  |       |       |       |       |       |       |       |     1 |     2 ||     3
       Tornado           |       |       |       |       |       |       |       |       |     1 ||     1
Invok: Upheaval          |       |     1 |       |     4 |    11 |     6 |     5 |     8 |     4 ||    39
       Disaster Area     |       |       |       |     1 |     2 |     2 |     4 |    11 |     2 ||    22
       Elemental Force   |       |       |       |       |       |     1 |       |     1 |       ||     2
Evoke: Wand              |       |       |       |     1 |    16 |    17 |     2 |       |       ||    36
  Use: Scroll            |     4 |       |     6 |    22 |    16 |    16 |    21 |     9 |    18 ||   112
       Potion            |       |     1 |     2 |     9 |    14 |    14 |    10 |    34 |     7 ||    91
 Stab: Sleeping          |    10 |       |       |       |       |       |       |       |       ||    10
       Distracted        |       |       |       |     6 |    12 |    12 |    16 |    12 |     6 ||    64
       Paralysed         |       |       |       |       |    18 |     2 |       |       |       ||    20
       Confused          |       |       |       |       |       |     1 |       |       |       ||     1
  Eat: Chunk             |     4 |     5 |     3 |     5 |    11 |     1 |    21 |     4 |     9 ||    63
       Ration            |       |       |     5 |     5 |     8 |    14 |     6 |     5 |     9 ||    52
Armor: Robe              |    40 |    37 |   101 |    81 |    84 |       |       |       |   141 ||   484
       Skin              |       |       |       |    25 |       |       |       |       |       ||    25
       Troll leather arm |       |       |       |       |    49 |    12 |       |       |       ||    61
       Scale mail        |       |       |       |       |       |   385 |   179 |   198 |    74 ||   836
Dodge: Dodged            |   110 |   103 |   310 |   282 |   644 |  1116 |   569 |   609 |  1287 ||  5030
       Deflected         |       |       |       |     3 |     6 |   136 |    56 |    41 |    47 ||   289
Block: Buckler           |     8 |    68 |   233 |   264 |   717 |   113 |       |       |       ||  1403
       Other             |       |       |       |       |       |   476 |   304 |   227 |   531 ||  1538
       Reflection        |       |       |       |       |       |       |       |       |     2 ||     2
       Rpst.: Falchion   |    38 |    37 |    87 |    64 |   124 |       |       |       |       ||   350
       Scimitar          |       |       |       |       |    43 |    17 |       |       |       ||    60
       Great sword       |       |       |       |       |       |   178 |   123 |   119 |   225 ||   645

Table legend:
 A = Non-vault XP
 B = Vault XP
 C = Vault XP percentage of total XP
 D = Non-vault monster count
 E = Vault monster count
 F = Vault count percentage of total count
                 A         B        C        D         E       F
            +---------+---------+-------+---------+---------+-------
      Total | 1145528 |  725688 |  38.8 |    2013 |     961 |  32.3
            +---------+---------+-------+---------+---------+-------
        D:1 |      53 |       5 |   8.6 |      30 |       3 |   9.1
        D:2 |      19 |       0 |   0.0 |      14 |       0 |   0.0
        D:3 |     208 |     208 |  50.0 |      29 |       1 |   3.3
        D:4 |     421 |      39 |   8.5 |      12 |       3 |  20.0
        D:5 |     728 |      69 |   8.7 |      12 |       3 |  20.0
        D:6 |     262 |       0 |   0.0 |      14 |       0 |   0.0
        D:7 |     776 |     128 |  14.2 |      21 |       2 |   8.7
        D:8 |    1347 |       0 |   0.0 |      20 |       0 |   0.0
        D:9 |    1571 |     424 |  21.3 |      27 |       1 |   3.6
       D:10 |    2891 |    1022 |  26.1 |      24 |      12 |  33.3
       D:11 |    2979 |    1897 |  38.9 |      29 |       1 |   3.3
       D:12 |    3953 |    2701 |  40.6 |      25 |      22 |  46.8
       D:13 |    8257 |    8886 |  51.8 |      23 |      49 |  68.1
       D:14 |   16850 |    8876 |  34.5 |      52 |      20 |  27.8
       D:15 |    7532 |    6874 |  47.7 |      20 |      11 |  35.5
     Lair:1 |    2231 |       0 |   0.0 |      12 |       0 |   0.0
     Lair:2 |    5938 |       0 |   0.0 |      23 |       0 |   0.0
     Lair:3 |    2684 |    1118 |  29.4 |      18 |       7 |  28.0
     Lair:4 |   10169 |    2014 |  16.5 |      24 |      11 |  31.4
     Lair:5 |    8753 |    1381 |  13.6 |      26 |       5 |  16.1
     Lair:6 |    8580 |   14949 |  63.5 |      33 |      64 |  66.0
    Swamp:1 |   10534 |       0 |   0.0 |      22 |       0 |   0.0
    Swamp:2 |   15233 |    3242 |  17.5 |      39 |       1 |   2.5
    Swamp:3 |   12416 |    2593 |  17.3 |      29 |       2 |   6.5
    Swamp:4 |   21366 |   21843 |  50.6 |      44 |      35 |  44.3
    Snake:1 |    7949 |    2401 |  23.2 |      18 |       6 |  25.0
    Snake:2 |   16419 |       0 |   0.0 |      32 |       0 |   0.0
    Snake:3 |   24231 |    8994 |  27.1 |      54 |       7 |  11.5
    Snake:4 |   25853 |   33466 |  56.4 |      46 |      48 |  51.1
      Orc:1 |    2617 |     667 |  20.3 |      29 |       2 |   6.5
      Orc:2 |    3273 |    4746 |  59.2 |      38 |      58 |  60.4
      Elf:1 |   24000 |   13803 |  36.5 |      40 |      32 |  44.4
      Elf:2 |   19127 |    4397 |  18.7 |      28 |       3 |   9.7
      Elf:3 |   12223 |   41176 |  77.1 |      19 |      23 |  54.8
   Vaults:1 |   26082 |   25125 |  49.1 |      42 |      32 |  43.2
   Vaults:2 |   14133 |    4390 |  23.7 |      25 |       9 |  26.5
   Vaults:3 |   36266 |    4184 |  10.3 |      68 |       7 |   9.3
   Vaults:4 |   30777 |   33494 |  52.1 |      46 |      32 |  41.0
   Vaults:5 |   34180 |  118737 |  77.6 |      54 |      84 |  60.9
    Crypt:1 |   20086 |       0 |   0.0 |      34 |       0 |   0.0
    Crypt:2 |   38867 |   30644 |  44.1 |      54 |      45 |  45.5
    Crypt:3 |   39357 |   48379 |  55.1 |      39 |      42 |  51.9
   Depths:1 |   21246 |    7743 |  26.7 |      35 |       9 |  20.5
   Depths:2 |   24100 |   26509 |  52.4 |      31 |      27 |  46.6
   Depths:3 |   30518 |   34686 |  53.2 |      37 |      34 |  47.9
   Depths:4 |   45723 |  107301 |  70.1 |      69 |      63 |  47.7
   Depths:5 |   16227 |   26993 |  62.5 |      18 |      16 |  47.1
       Hell |    5706 |    4290 |  42.9 |       9 |       1 |  10.0
      Zot:1 |   66992 |       0 |   0.0 |      54 |       0 |   0.0
      Zot:2 |   65753 |       0 |   0.0 |      43 |       0 |   0.0
      Zot:3 |   56853 |    2897 |   4.8 |      42 |       1 |   2.3
      Zot:4 |  103303 |    1586 |   1.5 |      59 |       1 |   1.7
      Zot:5 |   21600 |   19169 |  47.0 |      11 |       7 |  38.9
    Abyss:1 |   65904 |       0 |   0.0 |     112 |       0 |   0.0
    Abyss:2 |   13306 |    5274 |  28.4 |      20 |       6 |  23.1
    Abyss:3 |   25883 |    6067 |  19.0 |      45 |      14 |  23.7
    Abyss:4 |   60261 |    1702 |   2.7 |     139 |       7 |   4.8
    Ossuary |       0 |     251 | 100.0 |       0 |      32 | 100.0
      IceCv |       0 |    4226 | 100.0 |       0 |      20 | 100.0
     WizLab |     962 |   24122 |  96.2 |       1 |      40 |  97.6
            +---------+---------+-------+---------+---------+-------
